 Dungeon Crawl Stone Soup version 0.31-a0-731-ga75f04deac (webtiles) character file.

Game seed: 8888120463662026439

29 Itev the Covered (level 3, -3/33 HPs)
             Began as a Minotaur Fighter on Sept 12, 2023.
             Slain by a kobold
             ... wielding a +2 short sword of electrocution
              (20 damage)
             ... on level 2 of the Dungeon.
             The game lasted 00:02:35 (575 turns).

Itev the Covered (Minotaur Fighter)                  Turns: 575, Time: 00:02:36

Health: -3/33      AC:  7    Str: 22    XL:     3   Next: 1%
Magic:  2/2        EV:  9    Int:  5    God:
Gold:   106        SH:  4    Dex:  9    Spells: 2/2 levels left

rFire   . . .        a - +0 war axe
rCold   . . .        c - +0 buckler
rNeg    . . .        b - +0 scale mail
rPois   .            (helmet restricted)
rElec   .            (no cloak)
rCorr   .            (no gloves)
SInv    .            (no boots)
Will    .....        (no amulet) Stlth
                     (no ring)
HPRegen 0.25/turn    (no ring)
MPRegen 0.08/turn

%: no passive effects
@: no status effects
A: horns 2, retaliatory headbutt
a: no special abilities


You were on level 2 of the Dungeon.
You visited 1 branch of the dungeon, and saw 2 of its levels.

You collected 106 gold pieces.

Inventory:

Hand Weapons
 a - a +0 war axe (weapon)
Armour
 b - a +0 scale mail (worn)
 c - a +0 buckler (worn)
Jewellery
 f - a ring of magical power
Scrolls
 e - a scroll of poison {unknown}
Potions
 d - 2 potions of might
 g - a potion of lignification {unknown}
 h - a potion of mutation {unknown}


   Skills:
 + Level 3.9 Fighting
 + Level 2.9 Axes
 + Level 4.0 Armour
 + Level 1.1 Dodging
 + Level 3.9 Shields


You had 2 spell levels left.
You didn't know any spells.
Your spell library was empty.

Dungeon Overview and Level Annotations

Branches:
Dungeon (2/15)

Altars:


Innate Abilities, Weirdness & Mutations

You have a pair of horns on your head.
You reflexively headbutt those who attack you in melee.


Message History

The hobgoblin shouts!
Unknown command.
Unknown command.
The hobgoblin hits you.
Unknown command.
You closely miss the hobgoblin. You headbutt the hobgoblin.
The hobgoblin is heavily wounded.
The hobgoblin hits you but does no damage. x2
Unknown command.
Unknown command.
You hit the hobgoblin.
You kill the hobgoblin!
You have reached level 3!
Your experience leads to an increase in your attributes!
Increase (S)trength, (I)ntelligence, or (D)exterity?
You feel stronger. x2
h - a puce potion
There is a stone staircase leading down here.
Done exploring.
Done exploring.
Done exploring.
There is a stone staircase leading down here.
You climb downwards.
There is a stone staircase leading up here.
You now have 106 gold pieces (gained 3).
Found a stone staircase leading down.
A kobold comes into view.
It is wielding a +2 short sword of electrocution.
The kobold shouts!
The kobold barely misses you.
You closely miss the kobold.
The kobold hits you with a +2 short sword of electrocution.
You are electrocuted!
You barely miss the kobold. The kobold barely misses you.
You closely miss the kobold. You block the kobold's attack. x2
You completely miss the kobold. The kobold closely misses you.
You barely miss the kobold.
The kobold hits you with a +2 short sword of electrocution. x2
You are electrocuted!!
Ouch! That really hurt!
You die...

....... ##.#.# ....###
...#.## ##..##. #.....
#..##.
#..#.#########..##.
#.................. #
#...........#...##. ..
#..K...............
##.###.@......####......
........##....#.........
........................
......................#.
##.##......####.........
#........>...........#.
........................
......##########...##.##
#####. #........##.#


You could see a kobold.

Vanquished Creatures
  2 dart slugs (D:1)
  5 bats (D:1)
  5 endoplasms (D:1)
  2 giant cockroaches (D:1)
  A goblin (D:1)
  2 hobgoblins (D:1)
  A quokka (D:1)
  A ball python (D:1)
  A frilled lizard (D:1)
  A kobold (D:1)
  2 rats (D:1)
23 creatures vanquished.

Notes
Turn   | Place    | Note
-------+----------+-------------------------------------------
     0 | D:1      | Itev the Minotaur Fighter began the quest for the Orb.
     0 | D:1      | Reached XP level 1. HP: 19/19 MP: 0/0
   160 | D:1      | Reached XP level 2. HP: 21/27 MP: 1/1
   380 | D:1      | Reached skill level 1 in Dodging
   410 | D:1      | Reached skill level 4 in Armour
   494 | D:1      | Reached XP level 3. HP: 32/33 MP: 2/2
   575 | D:2      | Slain by a kobold

Illustrated notes

Levels and vault maps discovered:
D:1:      matt_arrival_grand_opening, layout_rooms, minmay_hedge_maze
D:2:      layout_basic, chequers_avenue

Skill      XL: |  1  2 |
---------------+-------+-----
Dodging        | 1 |  1.1
Armour         | 4 |  4.0
Fighting       | |  3.9
Axes           | |  2.9
Shields        | |  3.9

Action                     || total
---------------------------++-------
  Melee: War axe           ||    51
         Headbutt          ||     5
 Armour: Scale mail        ||    40
  Dodge: Dodged            ||    25
  Block: Buckler           ||     9

Table legend: (Time is in decaauts)
 A = Elapsed time spent in this place.
 B = Non-inter-level travel time spent in this place.
 C = Inter-level travel time spent in this place.
 D = Time resting spent in this place.
 E = Time spent auto-exploring this place.
 F = Levels seen in this place.
 G = Mean time per level.
                   A        B        C        D        E       F      G
               +--------+--------+--------+--------+--------+-----+--------+
         Total |    594 |    592 |      2 |      0 |    444 |   2 |  297.0 |
       Dungeon |    594 |    592 |      2 |      0 |    444 |   2 |  297.0 |
               +--------+--------+--------+--------+--------+-----+--------+

Top non-repeatable levels by time:
     D:1: 537 daAuts
     D:2: 57 daAuts
